 Dungeon Crawl Stone Soup version 0.30-a0-800-g7c544603b3 (webtiles) character file.

Game seed: 1100923395752253843

34 Newt the Trooper (level 3, -7/30 HPs)
             Began as a Demonspawn Gladiator on Feb 22, 2023.
             Mangled by Sigmund
             ... wielding a +2 scythe of protection
              (8 damage)
             ... on level 2 of the Dungeon.
             The game lasted 00:00:54 (820 turns).

Newt the Trooper (Demonspawn Gladiator)              Turns: 820, Time: 00:00:55

Health: -7/30      AC:  4    Str: 16    XL:     3   Next: 14%
Magic:  3/3        EV: 12    Int:  9    God:
Gold:   25         SH:  0    Dex: 14    Spells: 2/2 levels left

rFire   . . .      SeeInvis .    a - +0 rapier
rCold   . . .      Faith    .    (no shield)
rNeg    . . .      Spirit   .    b - +0 leather armour
rPois   .          Reflect  .    c - +0 helmet
rElec   .          Harm     .    (no cloak)
rCorr   .          Rampage  .    (no gloves)
Will    .....                    (no boots)
Stlth   +                        (no amulet)
HPRegen 0.25/turn                (no ring)
MPRegen 0.08/turn                (no ring)

@: no status effects
A: hooves 1, powered by death 1
a: no special abilities


You were on level 2 of the Dungeon.
You visited 1 branch of the dungeon, and saw 2 of its levels.

You collected 25 gold pieces.

Inventory:

Hand Weapons
 a - a +0 rapier (weapon)
Missiles
 e - a javelin (quivered)
Armour
 b - a +0 leather armour (worn)
 c - a +0 helmet (worn)
Scrolls
 f - a scroll of enchant weapon {unknown}
 g - a scroll of identify {unknown}
 h - a scroll of teleportation {unknown}


   Skills:
 + Level 3.6 Fighting
 - Level 2.6 Short Blades
 - Level 1.7 Throwing
 - Level 2.6 Dodging


You had 2 spell levels left.
You didn't know any spells.
Your spell library was empty.

Dungeon Overview and Level Annotations

Branches:
Dungeon (2/15)

Altars:

Annotations:
D:2 Sigmund


Innate Abilities, Weirdness & Mutations

You have large cloven feet.
You regenerate a little health from kills.


Message History

You hit Sigmund. You kick Sigmund, but do no damage.
Sigmund is severely wounded.
Sigmund struggles against the net. x2
You barely miss Sigmund. You kick Sigmund, but do no damage.
Sigmund is severely wounded.
Sigmund points at you and mumbles some strange words.
You resist with significant effort.
Sigmund struggles against the net.
You hit Sigmund but do no damage. You kick Sigmund, but do no damage.
Sigmund is severely wounded.
You hit Sigmund but do no damage. You kick Sigmund, but do no damage.
Sigmund is severely wounded.
Sigmund struggles against the net.
You hit Sigmund but do no damage. You kick Sigmund.
Sigmund is almost dead.
A hobgoblin comes into view.
Sigmund points at you and mumbles some strange words.
You are confused.
Sigmund struggles against the net.
You hit Sigmund.
Sigmund is almost dead.
You bump into the rock wall.
Sigmund casts a spell at you. The magic dart hits you!
* * * LOW HITPOINT WARNING * * *
Sigmund struggles against the net.
The net rips apart, and Sigmund comes free!
You bump into the rock wall.
You completely miss Sigmund. Your punch misses Sigmund.
Sigmund is almost dead.
Sigmund hits you with a +2 scythe of protection.
* * * LOW HITPOINT WARNING * * *
You bump into the rock wall.
You bump into the rock wall.
Sigmund points at you and mumbles some strange words.
The puff of flame hits you.
* * * LOW HITPOINT WARNING * * *
You bump into the rock wall.
You feel less confused.
Sigmund hits you with a +2 scythe of protection!
You die...

.# ..
.##.#
....
...
##..
#..
#.#
#<#
#@#
#@#
#g#
#(.
###


You could see Sigmund and a hobgoblin.

Vanquished Creatures
  A gnoll (D:1)
  2 ball pythons (D:1)
  4 goblins (D:1)
  A hobgoblin (D:1)
  3 jackals (D:1)
  2 quokkas (D:1)
  2 bats (D:1)
  2 frilled lizards (D:1)
  3 kobolds (D:1)
  2 rats (D:1)
22 creatures vanquished.

Notes
Turn   | Place    | Note
-------+----------+-------------------------------------------
     0 | D:1      | Newt the Demonspawn Gladiator began the quest for the Orb.
     0 | D:1      | Reached XP level 1. HP: 16/16 MP: 1/1
   302 | D:1      | Gained mutation: You regenerate a little health from kills.
                  | [demonic ancestry]
   302 | D:1      | Reached XP level 2. HP: 22/23 MP: 2/2
   401 | D:1      | Reached skill level 3 in Fighting
   553 | D:1      | Gained mutation: You have large cloven feet. [demonic
                  | ancestry]
   553 | D:1      | Reached XP level 3. HP: 15/29 MP: 3/3
   793 | D:2      | Noticed Sigmund
   819 | D:2      | HP: 1/30 [Sigmund/puff of flame (5)]
   820 | D:2      | Mangled by Sigmund

Illustrated notes

Levels and vault maps discovered:
D:1:      mrwooster_arrival_statue_3, layout_loops_cross
D:2:      minmay_chambers_of_twos, layout_loops_cross, basic_altar,
          uniq_natasha, uniq_sigmund, uniq_terence

Skill      XL: |  1  2 |
---------------+-------+-----
Fighting       | 3 |  3.6
Short Blades   | |  2.6
Throwing       | |  1.7
Dodging        | |  2.6

Action                     || total
---------------------------++-------
  Melee: Rapier            ||    93
         Kick              ||     5
  Throw: Javelin           ||     1
         Throwing net      ||     3
   Stab: Held in net/web   ||     2
         Sleeping          ||     1
 Armour: Leather armour    ||    36
  Dodge: Dodged            ||    60

Table legend: (Time is in decaauts)
 A = Elapsed time spent in this place.
 B = Non-inter-level travel time spent in this place.
 C = Inter-level travel time spent in this place.
 D = Time resting spent in this place.
 E = Time spent auto-exploring this place.
 F = Levels seen in this place.
 G = Mean time per level.
                   A        B        C        D        E       F      G
               +--------+--------+--------+--------+--------+-----+--------+
         Total |    826 |    817 |      9 |      0 |    640 |   2 |  413.0 |
       Dungeon |    826 |    817 |      9 |      0 |    640 |   2 |  413.0 |
               +--------+--------+--------+--------+--------+-----+--------+

Top non-repeatable levels by time:
     D:1: 798 daAuts
     D:2: 27 daAuts
